 Dungeon Crawl Stone Soup version 0.29-a0-380-gf50f0a9fbc (webtiles) character file.

Game seed: 5716802539003702812

4874 sammy202020 the Fighter (level 10, -10/82 HPs)
             Began as a Demonspawn Berserker on May 6, 2022.
             Was an Elder of Trog.
             Mangled by a boulder beetle (38 damage)
             ... on level 9 of the Dungeon.
             The game lasted 00:14:11 (6876 turns).

sammy202020 the Fighter (Demonspawn Berserker)      Turns: 6876, Time: 00:14:11

Health: -10/82     AC: 20    Str: 17    XL:     10   Next: 26%
Magic:  10/10      EV:  6    Int: 12    God:    Trog [****..]
Gold:   642        SH:  5    Dex: 12    Spells: 9/9 levels left

rFire   . . .      SeeInvis .   a - +1 hand axe (freeze)
rCold   . . .      Faith    .   (no shield)
rNeg    . . .      Spirit   .   t - +1 plate armour
rPois   +          Reflect  +   (no helmet)
rElec   .          Harm     .   g - +1 cloak
rCorr   +          Rampage  .   e - +0 pair of gloves
Will    .....      Clarity  +   o - +0 pair of boots
Stlth   ..........              h - amulet of reflection
HPRegen 0.23/turn               f - ring of resist corrosion
MPRegen 0.12/turn               k - ring of poison resistance

@: on berserk cooldown, slowed, very slow
A: icy blue scales 1, powered by death 1, spiny 1, demonic touch 2, clarity,
weak 1, wild magic 1
a: Renounce Religion, Berserk, Trog's Hand, Brothers in Arms


You were on level 9 of the Dungeon.
You worshipped Trog.
Trog was greatly pleased with you.
You visited 1 branch of the dungeon, and saw 9 of its levels.
You also visited: Ossuary.

You collected 642 gold pieces.

Inventory:

Hand Weapons
 a - a +1 hand axe of freezing (weapon)
 w - a +2 whip of flaming
 y - a +0 flail
Missiles
 m - 6 boomerangs (quivered)
 E - 2 javelins
Armour
 e - a +0 pair of gloves (worn)
 g - a +1 cloak (worn)
 o - a +0 pair of boots (worn)
 t - a +1 plate armour (worn)
Jewellery
 b - a +4 ring of protection
 f - a ring of resist corrosion (left hand)
 h - an amulet of reflection (around neck)
 k - a ring of poison resistance (right hand)
 p - a ring of willpower
 B - a +4 ring of protection
 D - a ring of fire
 F - a ring of protection from cold
Wands
 n - a wand of paralysis (11)
Scrolls
 l - a scroll of brand weapon
 u - a scroll of enchant armour
 v - 2 scrolls of fear
 z - 4 scrolls of fog
 C - 4 scrolls of teleportation
 I - a scroll of amnesia
 J - 4 scrolls of enchant weapon
 M - a scroll of poison
Potions
 c - 8 potions of curing
 d - a potion of heal wounds
 i - 2 potions of mutation
 q - 3 potions of flight
 r - a potion of attraction {unknown}
 s - a potion of might {unknown}
 x - a potion of berserk rage {unknown}
 A - a potion of resistance {unknown}
 G - a potion of lignification {unknown}
 H - 2 potions of haste {unknown}
 K - 3 potions of brilliance
 L - a potion of invisibility {unknown}


   Skills:
 * Level 8.4 Fighting
 * Level 7.7 Axes
 + Level 5.2 Armour
 + Level 5.2 Dodging
 * Level 6.2 Unarmed Combat


You had 9 spell levels left.
You didn't know any spells.
Your spell library was empty.

Dungeon Overview and Level Annotations

Branches:
Dungeon (9/15)            Ossuary (visited)
 Temple: D:4-7         Lair: D:8-11         Orc: D:9-12

Altars:
Ashenzari
Okawaru
Sif Muna
The Shining One


Innate Abilities, Weirdness & Mutations

You are partially covered in icy blue scales. (AC +2)
You regenerate a little health from kills.
You are partially covered in sharp spines.
Your touch may inflict irresistible damage on your foes.
You possess an exceptional clarity of mind.
You are weak. (Str -2)
Your spells are a little harder to cast, but a little more powerful.


Message History

Items here: $ )) / ? [ †.
A red film seems to cover your vision as you go berserk!
You feel yourself moving faster!
You feel mighty! The boulder beetle hits you!!
The boulder beetle stops rolling and uncurls.
You slash the boulder beetle! You freeze the boulder beetle.
The boulder beetle is moderately wounded.
The boulder beetle bites you but does no damage.
You hit the boulder beetle but do no damage.
Your touch misses the boulder beetle.
The boulder beetle is moderately wounded.
You hit the boulder beetle but do no damage.
You touch the boulder beetle.
The boulder beetle is moderately wounded.
The boulder beetle leaps!
You are too berserk!
You feel a strong urge to attack something.
You feel your anger nearly subside.
You are no longer berserk.
You are exhausted.
You feel yourself slow down.
The boulder beetle is struck by your spines.
The boulder beetle bites you!
The boulder beetle bites you but does no damage.
You hit the boulder beetle but do no damage.
You touch the boulder beetle.
The boulder beetle is moderately wounded.
The boulder beetle leaps!
The boulder beetle bites you but does no damage.
You hit the boulder beetle but do no damage.
The boulder beetle is moderately wounded.
The boulder beetle is struck by your spines.
The boulder beetle bites you.
You hit the boulder beetle but do no damage.
The boulder beetle is moderately wounded.
The boulder beetle leaps!
The boulder beetle curls into a ball and begins rolling!
You hit the boulder beetle but do no damage.
The boulder beetle is moderately wounded.
You hear the faint creaking of a portcullis nearby.
The boulder beetle hits you!!!
You die...

#.....#.......
#...........
##....##○.#
#..#.†##.# #
#.#††..°.#
##.#.#...°..#
.........°..###...
....#....B.........
##.##....@.........
###..###)##.......
#.. #.# ....#.#
.... ..# ....# #
..... .... ..(...
.... ..... ......
....... ....
....)... ......###.


You could see a boulder beetle (rolling).

Vanquished Creatures
  Pikel (D:4)
  An ugly thing (D:7)
  Maurice (D:9)
  2 hornets
  Sigmund (D:4)
  Eustachio (D:4)
  2 wyverns (D:7)
  An orc warrior (D:8)
  A black bear (D:4)
  2 ice beasts
  3 ogres
  2 centaurs
  A bullfrog (D:6)
  A gnoll sergeant (D:7)
  A scorpion (D:5)
  A water moccasin zombie (D:5)
  2 wyvern zombies (D:5)
  3 wights (D:8)
  10 killer bees
  2 electric eels (D:7)
  3 howler monkeys
  A centaur zombie (D:5)
  2 bullfrog zombies (D:5)
  3 hounds
  2 gnoll shamans
  A bullfrog skeleton (D:5)
  3 iguanas
  2 orc wizards (D:8)
  A hound zombie (D:5)
  8 mummies (Ossuary)
  13 gnolls
  9 adders
  A river rat (D:4)
  A shadow imp (D:5)
  An ufetubus (D:5)
  An adder zombie (D:5)
  2 worms (D:4)
  2 dart slugs (D:3)
  3 orcs
  10 endoplasms
  4 giant cockroaches
  3 gnoll zombies (Ossuary)
  3 goblins
  4 hobgoblins
  4 jackals (D:2)
  6 quokkas
  11 ball pythons
  3 bats
  7 frilled lizards (D:3)
  A goblin zombie (D:7)
  2 hobgoblin zombies (Ossuary)
  2 kobolds (D:2)
  3 orc zombies (Ossuary)
  4 rats
  A rat zombie (D:7)
166 creatures vanquished.

Vanquished Creatures (others)
  14 fungi (D:3)
  17 plants
31 creatures vanquished.

Grand Total: 197 creatures vanquished

Notes
Turn   | Place    | Note
-------+----------+-------------------------------------------
     0 | D:1      | sammy202020 the Demonspawn Berserker began the quest for
                  | the Orb.
     0 | D:1      | Reached XP level 1. HP: 18/18 MP: 1/1
     3 | D:1      | Noticed an electric eel
   689 | D:1      | Found a faded altar of an unknown god.
   695 | D:1      | Gained mutation: You regenerate a little health from kills.
                  | [demonic ancestry]
   695 | D:1      | Reached XP level 2. HP: 23/24 MP: 2/2
  1259 | D:2      | Gained mutation: You are partially covered in sharp spines.
                  | [demonic ancestry]
  1259 | D:2      | Reached XP level 3. HP: 29/29 MP: 3/3
  2029 | D:3      | Reached ** piety under Trog
  2040 | D:3      | Reached XP level 4. HP: 37/37 MP: 4/4
  2141 | D:3      | Reached skill level 4 in Fighting
  2447 | D:3      | Found a broken altar of Ashenzari.
  2505 | D:4      | Reached XP level 5. HP: 40/42 MP: 5/5
  2559 | D:4      | Noticed Eustachio
  2578 | D:4      | Killed Eustachio
  2579 | D:4      | Gained mutation: Your touch may inflict minor irresistible
                  | damage on your foes. [demonic ancestry]
  2579 | D:4      | Reached XP level 6. HP: 36/49 MP: 6/6
  2733 | D:4      | Reached skill level 1 in Unarmed Combat
  2875 | D:4      | Reached skill level 5 in Fighting
  3030 | D:4      | Noticed a sky beast
  3053 | D:4      | Noticed Pikel
  3069 | D:4      | Killed Pikel
  3070 | D:4      | Reached skill level 5 in Axes
  3070 | D:4      | Reached XP level 7. HP: 47/57 MP: 7/7
  3280 | D:4      | Noticed Sigmund
  3286 | D:4      | Killed Sigmund
  3287 | D:4      | Gained mutation: Your touch may inflict irresistible damage
                  | on your foes. [demonic ancestry]
  3287 | D:4      | Reached XP level 8. HP: 64/64 MP: 8/8
  3318 | D:4      | Gained mutation: Your spells are a little harder to cast,
                  | but a little more powerful. [potion of mutation]
  3318 | D:4      | Gained mutation: You are weak. (Str -2) [potion of
                  | mutation]
  3318 | D:4      | Gained mutation: You possess an exceptional clarity of
                  | mind. [potion of mutation]
  3511 | D:5      | Entered Level 5 of the Dungeon
  3529 | D:5      | Reached skill level 6 in Fighting
  3724 | D:5      | Reached *** piety under Trog
  4694 | D:6      | Gained mutation: You are partially covered in icy blue
                  | scales. (AC +2) [demonic ancestry]
  4694 | D:6      | Reached XP level 9. HP: 71/71 MP: 9/9
  4776 | D:7      | Reached skill level 7 in Fighting
  4919 | D:7      | Found an iron altar of Okawaru.
  4961 | D:7      | Found a sand-covered staircase.
  4968 | Ossuary  | Entered an ossuary
  5014 | Ossuary  | Reached skill level 5 in Unarmed Combat
  5450 | D:7      | Noticed a purple ugly thing
  5462 | D:7      | Killed a purple ugly thing
  5681 | D:7      | Reached **** piety under Trog
  6212 | D:8      | Reached skill level 8 in Fighting
  6321 | D:8      | Reached skill level 5 in Armour
  6321 | D:8      | Reached skill level 5 in Dodging
  6451 | D:8      | Reached XP level 10. HP: 70/80 MP: 10/10
  6553 | D:8      | Found a shimmering blue altar of Sif Muna.
  6825 | D:9      | Noticed Maurice
  6845 | D:9      | Noticed a boulder beetle
  6856 | D:9      | Killed Maurice
  6876 | D:9      | Mangled by a boulder beetle

Illustrated notes

Levels and vault maps discovered:
D:1:      arrival_aquarium_a, layout_basic, nicolae_ecumenical_snake_handling
D:2:      layout_rooms
D:3:      layout_rooms, overflow_temple_1_default,
          hangedman_decor_clover_reticule, dreamdust_mushroom_princess,
          minmay_lizard_king
D:4:      layout_loops_ring, gup_sewer_entry_bubbles, lightli_corner_chamber,
          uniq_pikel, uniq_eustachio, uniq_sigmund
D:5:      layout_loops_cross, serial_undead, serial_undead_c, serial_undead_b,
          serial_undead_e, serial_undead_c, chequers_decorated_corner
D:6:      layout_basic, minmay_temple_entry_overgrown, uniq_duvessa
D:7:      layout_rooms, general_overflow_altar, enter_ossuary_4,
          chequers_big_river
D:8:      layout_loops_cross, mainiacjoe_overflow_brackets, lemuel_round_altar
D:9:      layout_cave_pools, mainiacjoe_overflow_six_doors_small,
          mainiacjoe_overflow_alcove_2, nicolae_overflow_crystal_walls,
          enter_bailey_1, minmay_ruined_shrine, uniq_erolcha, uniq_maurice

Skill      XL: |  1  2  3  4  5  6  7  8  9 10 |
---------------+-------------------------------+-----
Dodging        | 2 3 4 5 |  5.2
Axes           | 3 4 5 6 7 |  7.7
Armour         | 2 3 4 5 |  5.2
Fighting       | 4 5 6 8 |  8.4
Unarmed Combat | 2 4 5 6 |  6.2

Action                   |  1- 3 |  4- 6 |  7- 9 | 10-12 || total
-------------------------+-------+-------+-------+-------++-------
Melee: Hand axe          |    94 |    84 |   296 |    59 ||   533
       Punch             |     1 |       |    16 |     1 ||    18
       Touch             |       |     7 |    69 |    10 ||    86
 Fire: Fustibalus        |       |       |     4 |       ||     4
Throw: Boomerang         |       |       |       |     2 ||     2
Invok: Berserk           |     1 |       |     4 |     2 ||     7
       Trog's Hand       |       |       |     1 |     1 ||     2
  Use: Scroll            |     9 |     1 |     8 |       ||    18
       Potion            |       |       |     2 |     1 ||     3
Armor: Chain mail        |    38 |       |       |       ||    38
       Leather armour    |     1 |       |       |       ||     1
       Animal skin       |     1 |       |       |       ||     1
       Plate armour      |     5 |    53 |   181 |    42 ||   281
Dodge: Dodged            |    36 |    21 |    60 |    14 ||   131
Block: Other             |     4 |    22 |    67 |    13 ||   106
       Reflection        |     2 |       |     4 |       ||     6

Table legend: (Time is in decaauts)
 A = Elapsed time spent in this place.
 B = Non-inter-level travel time spent in this place.
 C = Inter-level travel time spent in this place.
 D = Time resting spent in this place.
 E = Time spent auto-exploring this place.
 F = Levels seen in this place.
 G = Mean time per level.
                   A        B        C        D        E       F      G
               +--------+--------+--------+--------+--------+-----+--------+
         Total |   6984 |   6877 |    107 |    302 |   5000 |  10 |  698.4 |
       Dungeon |   6727 |   6620 |    107 |    302 |   4843 |   9 |  747.4 |
       Ossuary |    257 |    257 |      0 |      0 |    157 |   1 |  257.0 |
               +--------+--------+--------+--------+--------+-----+--------+

Top non-repeatable levels by time:
     D:1: 1215 daAuts
     D:4: 1063 daAuts
     D:7: 1007 daAuts
     D:5: 920 daAuts
     D:8: 810 daAuts
     D:3: 672 daAuts
     D:2: 622 daAuts
     D:6: 313 daAuts
 Ossuary: 257 daAuts
     D:9: 100 daAuts
